 Dungeon Crawl Stone Soup version 0.21.1-1-g345015fe64 (webtiles) character file.

27 Bapho the Slasher (level 2, -1/26 HPs)
             Began as a Draconian Monk on July 8, 2018.
             Killed from afar by Terence (6 damage)
             ... with a wand of flame (19)
             ... on level 2 of the Dungeon.
             The game lasted 00:02:34 (2285 turns).

Bapho the Slasher (Draconian Monk)                  Turns: 2285, Time: 00:02:35

Health: -1/26      AC:  7    Str: 13    XL:     2   Next: 93%
Magic:  2/2        EV: 13    Int: 10    God:
Gold:   103        SH:  0    Dex: 13    Spells: 1/1 levels left

rFire    . . .     SeeInvis .   a - +0 falchion
rCold    . . .     Gourm    .   (no shield)
rNeg     . . .     Faith    .   (armour unavailable)
rPois    .         Spirit   .   (helmet restricted)
rElec    .         Reflect  .   (no cloak)
rCorr    +         Harm     .   q - +2 pair of gloves
MR       .....                  (no boots)
Stlth    ++........             (no amulet)
HPRegen  0.08/turn              i - ring of resist corrosion
MPRegen  0.08/turn              (no ring)

@: no status effects
A: unfitting armour, cold-blooded, AC +4
a: no special abilities


You were on level 2 of the Dungeon.
You were hungry.

You visited 1 branch of the dungeon, and saw 2 of its levels.

You collected 103 gold pieces.

Inventory:

Hand Weapons
 a - a +0 falchion (weapon)
Missiles
 e - 13 stones (quivered)
 o - 59 arrows
Armour
 q - a +2 pair of gloves (worn)
Jewellery
 i - a ring of resist corrosion (left hand)
Scrolls
 c - 2 scrolls of identify {unknown}
 d - a scroll of magic mapping {unknown}
 k - a scroll of remove curse {unknown}
 l - a scroll of amnesia {unknown}
 m - a scroll of immolation {unknown}
Potions
 f - 2 potions of brilliance {unknown}
 g - 2 potions of degeneration {unknown}
 h - a potion of magic {unknown}
 j - 2 potions of curing {unknown}
 n - a potion of flight {unknown}
 p - a potion of haste {unknown}
Comestibles
 b - 4 rations


   Skills:
 + Level 3.6 Fighting
 * Level 3.6 Long Blades
 + Level 3.0 Dodging
 - Level 1.7 Stealth


You had one spell level left.
You didn't know any spells.

Dungeon Overview and Level Annotations

Branches:
Dungeon (2/15)

Altars:
Fedhas

Annotations:
D:2 exclusion: oklob plant, Sigmund, Terence


Innate Abilities, Weirdness & Mutations

Your plain brown scales are hard. (AC +4)
You cannot fit into any form of body armour.
You are cold-blooded and may be slowed by cold attacks.


Message History

Terence hits you but does no damage.
You hit Terence.
Terence is severely wounded.
Terence zaps a wand.
The puff of flame hits you!
It is a wand of flame (19).
You hit Terence but do no damage.
Terence is severely wounded.
Terence hits you but does no damage.
You closely miss Terence.
Terence is severely wounded.
Terence hits you with a short sword.
You barely miss Terence.
You tail-slap Terence, but do no damage.
Terence is severely wounded.
Terence hits you but does no damage.
You hit Terence.
Terence is severely wounded.
Terence misses you. Terence hits you with a short sword.
* * * LOW HITPOINT WARNING * * *
Terence zaps a wand.
The puff of flame hits you!
You die...

#### ####.# @..w .)#
#.. # .... #.# ### #.
...#####.##### # ...
............# # ....
#.#####.###.# #
.....#.#####@# ###
##### # #............#
#.. ...# # .##....@##
..# ###.### #.....#
#.###...... #.....####
#.##....... #........#
#.##.......
#.....##.###.##.##.##.
##.##..............##.
#.#####.###.########.
#.# #.##.#.## #. #..
..#.###.# #.


You could see Terence.

Vanquished Creatures
  2 worms (D:2)
  A dart slug (D:2)
  A giant cockroach (D:1)
  3 goblins (D:1)
  4 hobgoblins
  3 bats
  2 kobolds (D:2)
  5 rats
  3 plants (D:2)
24 creatures vanquished.

Notes
Turn   | Place    | Note
-------+----------+-------------------------------------------
     0 | D:1      | Bapho the Draconian Monk began the quest for the Orb.
     0 | D:1      | Reached XP level 1. HP: 19/19 MP: 1/1
   295 | D:1      | Reached XP level 2. HP: 26/26 MP: 2/2
  1234 | D:2      | Found a blossoming altar of Fedhas.
  1258 | D:2      | Noticed an oklob plant
  2258 | D:2      | Noticed Sigmund
  2265 | D:2      | Noticed Terence
  2285 | D:2      | Killed from afar by Terence

Skill      XL: |  1  2 |
---------------+-------+-----
Dodging        | 3 |  3.0
Fighting       | |  3.6
Long Blades    | |  3.6
Stealth        | |  1.7

Action                   || total
-------------------------++-------
Melee: Falchion          ||   223
       Tailslap          ||    46
Throw: Stone             ||    72
 Stab: Sleeping          ||     1
  Eat: Chunk             ||     4
Armor: Skin              ||     6
Dodge: Dodged            ||    15
       Rpst.: Falchion   ||     4
